 Dungeon Crawl Stone Soup version 0.31.0-9-g3a7656b989 (webtiles) character file.

Game seed: 230369449021335878

51662 olmar the Earth Mage (level 14, -2/93 HPs)
             Began as a Ghoul Earth Elementalist on Jan 24, 2024.
             Was an Initiate of Gozag.
             Shot with an arrow by a centaur warrior (17 damage)
             ... on level 14 of the Dungeon.
             The game lasted 00:43:16 (29069 turns).

olmar the Earth Mage (Ghoul Earth Elementalist)    Turns: 29069, Time: 00:43:17

Health: -2/93      AC:  9    Str: 13    XL:     14   Next: 60%
Magic:  16/32      EV: 15    Int: 18    God:    Gozag
Gold:   2251       SH:  0    Dex:  9    Spells: 26/41 levels left

rFire   + + .        O - staff of earth
rCold   + + .        X - orb {light}
rNeg    + + +        W - +1 leather armour {rC+ rF+}
rPois   ∞            k - +0 helmet {SInv}
rElec   .            a - +1 cloak of Starlight {*Dazzle EV+4 Stlth--}
rCorr   .            h - +0 pair of gloves
SInv    +            Q - +0 pair of boots {rampage}
Will    +....        (no amulet)
Stlth   x              - ring of protection from fire
HPRegen 0.00/turn    (no ring)
MPRegen 0.23/turn

%: rampage
@: gold aura, inhibited regen, glowing
A: claws 1, cold resistance 1, negative energy resistance 3, inhibited
regeneration, torment resistance 2, devour on kill
a: Renounce Religion, Potion Petition, Call Merchant, Bribe Branch


You were on level 14 of the Dungeon.
You worshipped Gozag.
Gozag was most pleased with you.
You visited 4 branches of the dungeon, and saw 19 of its levels.
You also visited: Ice Cave.

You collected 5370 gold pieces.
You spent 2336 gold pieces at shops.
You paid 783 gold pieces to Gozag.

Inventory:

Hand Weapons
 b - the +8 Wrath of Trog {antimagic, *Rage Rampage}
   (You found it on level 10 of the Dungeon)

   It causes slowness and exhaustion when equipped.
   It extends the wielder's berserk rage when killing foes.
   *Rage:     It berserks you when you make melee attacks (+50% chance).
   Rampage:   It bestows one free step when moving towards enemies.
 M - the +2 rapier of the Muttering Gods {flame, Will+}
   (You found it on level 10 of the Dungeon)

   Will+:     It increases your willpower.
 N - the +8 arbalest "Killer Klown's Peril" {flame, rElec Will- Int+3 Dex+5}
   (You found it on level 10 of the Dungeon)

   Int+3:     It affects your intelligence (+3).
   Dex+5:     It affects your dexterity (+5).
   rElec:     It insulates you from electricity.
   Will-:     It decreases your willpower.
 P - the +8 whip "Snakebite" {venom, curare, rPois}
   (You found it on level 10 of the Dungeon)

   rPois:     It protects you from poison
 T - the +5 spear "Nase" {heavy, Int+6}
   (You found it in an ice cave)

   Int+6:     It affects your intelligence (+6).
Armour
 a - the +1 cloak of Starlight (worn) {*Dazzle EV+4 Stlth--}
   (You bought it in a shop on level 3 of the Lair of Beasts)

   *Dazzle:   It may blind those who miss an attack against the wearer in melee
   combat.
   EV+4:      It affects your evasion (+4).
   Stlth--:   It makes you much less stealthy.
 h - a +0 pair of gloves (worn)
 k - a +0 helmet of see invisible (worn)
 Q - a +0 pair of boots of rampaging (worn)
 U - +0 ice dragon scales
 W - a +1 leather armour of resistance (worn)
 X - an orb of light (worn)
Magical Staves
 f - a staff of fire
 O - a staff of earth (weapon)
 R - a staff of air
 V - a staff of cold
Jewellery
 c - a ring of see invisible
 r - an amulet of guardian spirit
 v - the amulet "Qeav" {Reflect Harm *Slow rElec Str+3 SH+5}
   (You found it on level 12 of the Dungeon)

   [amulet of reflection]

   Reflect:   It reflects blocked missile attacks.
   Str+3:     It affects your strength (+3).
   rElec:     It insulates you from electricity.
   *Slow:     It may slow you when you take damage.
   SH+5:      It affects your SH (+5).
   Harm:      It increases damage dealt and taken.
 x - a ring of protection from fire (left hand)
Wands
 m - a wand of polymorph (5)
Scrolls
 j - a scroll of butterflies
 o - a scroll of enchant weapon
 q - 2 scrolls of teleportation
 u - 2 scrolls of vulnerability
 w - 3 scrolls of revelation
 y - 2 scrolls of fog
 A - 3 scrolls of amnesia
 E - 2 scrolls of fear
 G - a scroll of enchant armour
 H - 2 scrolls of immolation
 J - a scroll of silence
 S - 3 scrolls of poison
 Y - 2 scrolls of noise
Potions
 d - 2 potions of heal wounds
 e - 2 potions of berserk rage {unknown}
 g - 3 potions of mutation
 i - 2 potions of attraction
 n - 2 potions of brilliance
 p - 5 potions of resistance
 s - 4 potions of enlightenment
 z - 10 potions of curing
 C - 2 potions of might
 F - a potion of magic
 L - 5 potions of haste
 Z - a potion of lignification {unknown}


   Skills:
 - Level 0.4 Short Blades
 + Level 0.6 Staves
 - Level 1.7 Dodging
 - Level 2.1 Stealth
 + Level 14.1 Spellcasting
 + Level 9.3 Conjurations
 + Level 17.0 Earth Magic
 + Level 1.3 Alchemy
 - Level 0.6 Evocations


You had 26 spell levels left.
You knew the following spells:

 Your Spells              Type           Power      Damage    Failure   Level
a - Sandblast             Erth           100%       2d20      0%          1
b - Stone Arrow           Conj/Erth      100%       3d13      1%          3
c - Brom's Barrelling Bo  Conj/Erth      74%        2d9       1%          4
d - Passwall              Erth           84%        N/A       1%          3
e - Petrify               Alch/Erth      62%        N/A       1%          4

Your spell library contained the following spells:

 Spells                   Type           Power      Damage    Failure   Level
 Magic Dart               Conj           100%       1d8       1%          1
 Shock                    Conj/Air       100%       1d9       1%          1
 Sting                    Conj/Alch      100%       1d9       1%          1
 Borgnjor's Vile Clutch   Necr/Erth      30%        N/A       5%          5
 Apportation              Tloc           24%        N/A       7%          1
 Necrotise                Necr           48%        1d6       7%          1
 Summon Small Mammal      Summ           48%        N/A       7%          1
 Mercury Vapours          Alch/Air       30%        N/A       8%          2
 Blink                    Tloc           24%        N/A       10%         2
 Call Imp                 Summ           24%        N/A       10%         2
 Jinxbite                 Hex            24%        N/A       10%         2
 Gell's Gravitas          Tloc           12%        N/A       21%         3
 Summon Ice Beast         Ice/Summ       12%        N/A       21%         3
 Swiftness                Air            12%        N/A       21%         3
 Teleport Other           Tloc           12%        N/A       21%         3
 Arcjolt                  Conj/Air       14%        1d24      26%         5
 Olgreb's Toxic Radiance  Alch           17%        N/A       36%         4
 Airstrike                Air            6%         2d(1-17)  54%         4
 Vhi's Electric Charge    Tloc/Air       24%        N/A       54%         4
 Yara's Violent Unravell  Hex/Alch       7%         3d5       80%         5
 Summon Mana Viper        Hex/Summ       12%        N/A       88%         5
 Death Channel            Necr           6%         N/A       100%        6
 Dispersal                Tloc           6%         N/A       100%        6
 Enfeeble                 Hex            6%         N/A       100%        7
 Monstrous Menagerie      Summ           6%         N/A       100%        7
 Ozocubu's Refrigeration  Ice            6%         4d8       100%        7
 Discord                  Hex            6%         N/A       100%        8
 Maxwell's Capacitive Co  Air            6%         ∞         100%        8
 Animate Dead             Necr           Unusable   N/A       N/A         4

Dungeon Overview and Level Annotations

Branches:
Dungeon (14/15)            Temple (1/1) D:5            Lair (3/5) D:11
  Swamp (0/4) Lair:3        Snake (0/4) Lair:2          Orc (1/2) D:10
 Vaults (0/5) D:13          IceCv (visited)

Altars:
Ashenzari
Cheibriados
Dithmenos
Fedhas
Gozag
Hepliaklqana
Kikubaaqudgha
Makhleb
Nemelex Xobeh
Okawaru
Qazlal
Ru
Sif Muna
Trog
Uskayaw
Vehumet
Wu Jian
Xom
Yredelemnul

Shops:
D:6 [   D:10 (!(   Lair:3 [

Annotations:
D:11 2 transporters, soul19's ghost, journeyman GrEE


Innate Abilities, Weirdness & Mutations

You are immune to poison.
You have sharp fingernails.
Your flesh is cold resistant. (rC+)
You are immune to negative energy. (rN+++)
You do not regenerate when monsters are visible.
You are immune to unholy pain and torment.
You thrive by killing the living.


Message History

You feel better.
The orc wizard shouts! x2
The centaur shoots an arrow.
The arrow misses you.
The centaur warrior wields a +0 shortbow.
The centaur warrior shoots an arrow.
The arrow hits you!
The centaur shoots an arrow.
The arrow closely misses you.
You rampage towards the centaur!
The orc wizard is no longer distracted by gold. x2
The centaur warrior shoots an arrow.
The arrow misses you.
The centaur is distracted by your dazzling golden aura.
The centaur warrior shoots an arrow.
The arrow barely misses you.
The centaur shouts!
You feel a surge of power!
The stone arrow hits the centaur!!
You kill the centaur!
Unknown command.
You rampage towards the orc wizard!
The centaur warrior shoots an arrow.
The arrow misses you. The orc wizard closely misses you.
The centaur warrior shoots an arrow.
The arrow hits you!
You feel a surge of power!
The stone arrow hits the orc wizard!
You kill the orc wizard!
You feel better.
The centaur warrior shoots an arrow.
The arrow hits you! The orc wizard barely misses you.
Unknown command.
You feel a surge of power!
The stone arrow hits the orc wizard!
The orc wizard is heavily wounded.
The centaur warrior shoots an arrow.
The arrow hits you!
The orc wizard is distracted by your dazzling golden aura.
The centaur warrior shoots an arrow.
The arrow hits you!
Unknown command.
You feel a surge of power!
The stone arrow hits the orc wizard!
You kill the orc wizard!
The centaur warrior shoots an arrow.
The arrow hits you!
You are too injured to fight recklessly!
Unknown command.
You are too injured to fight recklessly!
The centaur warrior shoots an arrow.
The arrow hits you!!
* * * LOW HITPOINT WARNING * * *
The centaur warrior shoots an arrow.
The arrow hits you!
You die...
Your body crumbles into a pile of gold.

##############
###............#
#.'............#
#c....?......#
#$.....$.....#
#....@.$.....#
#.##..$.........#
#....?...$......'
#.##............#
#.............#
....#####'#######
...##⌠.⌠..# .##
#.∩.+#####
#⌠.⌠.....#


You could see a centaur warrior.

Vanquished Creatures
  A fire dragon (Lair:3)
  A hydra (Lair:3)
  A catoblepas (Lair:1)
  A centaur warrior (D:14)
  2 boulder beetles (D:10)
  4 two-headed ogres
  5 death yaks (D:11)
  A skyshark (Lair:3)
  Lodul (D:11)
  A goliath frog (shapeshifter) (D:13)
  2 bog bodies (IceCv)
  Pikel (D:8)
  A salamander (Lair:2)
  An ugly thing (D:12)
  3 cyclopes
  A manticore (D:10)
  A meliai (shapeshifter) (D:13)
  A black mamba (Lair:2)
  6 cane toads
  2 gargoyles (D:12)
  A torpor snail (Lair:1)
  An ice statue (IceCv)
  4 unseen horrors
  9 rime drakes
  2 kobold demonologists
  A cane toad (shapeshifter) (D:13)
  An efreet (D:14)
  5 komodo dragons
  3 ice devils (IceCv)
  An anaconda simulacrum (IceCv)
  Psyche (D:10)
  4 trolls
  2 hornets
  11 blink frogs
  4 slime creatures (D:12)
  2 vampires
  2 dire elephant simulacra (IceCv)
  4 wraiths
  A centaur simulacrum (D:10)
  44 yaks
  7 basilisks
  2 shadows
  7 wyverns
  A vampire mosquito (D:10)
  4 death yak simulacra (IceCv)
  A steam dragon (D:7)
  4 acid dragons
  A swamp worm (Lair:3)
  Edmund (D:5)
  9 water moccasins
  2 sky beasts (D:7)
  2 ice beasts
  12 orc warriors
  5 laughing skulls
  8 black bears
  10 wolves (Lair:2)
  11 ogres
  20 centaurs
  2 phantoms (D:7)
  13 bullfrogs
  A gnoll sergeant (D:7)
  3 scorpions
  A cane toad simulacrum (IceCv)
  6 two-headed ogre simulacra (IceCv)
  12 wights
  4 killer bees (D:10)
  2 elephant simulacra (IceCv)
  2 electric eels (Lair:3)
  5 howler monkeys
  2 bombardier beetles (D:4)
  3 lava snakes (Lair:2)
  9 orc priests
  2 hounds
  2 gnoll boudas
  5 sleepcaps
  4 iguanas
  Natasha (thrice) (D:4)
  19 orc wizards
  A polar bear simulacrum (IceCv)
  Terence (D:2)
  4 troll simulacra (IceCv)
  3 spriggan simulacra (IceCv)
  2 wolf simulacra (IceCv)
  8 gnolls
  6 adders
  6 naga simulacra (IceCv)
  A river rat (D:8)
  3 shadow imps (D:7)
  8 white imps
  7 ufetubi
  A ribbon worm (D:2)
  2 dart slugs
  51 orcs
  5 ball pythons
  3 bats
  7 endoplasms
  6 giant cockroaches
  4 goblins
  4 hobgoblins (D:3)
  3 jackals (D:4)
  2 quokkas (D:3)
  2 frilled lizards
  6 kobolds
  6 rats
  A butterfly (Lair:3)
500 creatures vanquished.

Vanquished Creatures (collateral kills)
  A water moccasin (Lair:2)
  A two-headed ogre simulacrum (IceCv)
  A troll simulacrum (IceCv)
  2 white imps (IceCv)
  16 boulders
21 creatures vanquished.

Vanquished Creatures (others)
  A slime creature (D:10)
  A centaur simulacrum (D:10)
  A golden eye (shapeshifter) (D:10)
  A bombardier beetle (D:3)
  A rat (D:3)
  9 boulders
14 creatures vanquished.

Grand Total: 535 creatures vanquished

Notes
Turn   | Place    | Note
-------+----------+-------------------------------------------
     0 | D:1      | olmar the Ghoul Earth Elementalist began the quest for the
                  | Orb.
     0 | D:1      | Reached XP level 1. HP: 14/14 MP: 3/3
   384 | D:1      | Reached XP level 2. HP: 20/20 MP: 3/5
  1008 | D:2      | Reached skill level 4 in Earth Magic
  1118 | D:2      | Reached XP level 3. HP: 26/26 MP: 3/6
  1377 | D:2      | Noticed Terence
  1430 | D:1      | Learned a level 3 spell: Stone Arrow
  1554 | D:3      | Found a shimmering altar of Xom.
  1758 | D:3      | Found a faded altar of an unknown god.
  1962 | D:3      | Reached XP level 4. HP: 33/33 MP: 5/7
  2449 | D:4      | Noticed a scorpion
  2457 | D:4      | Killed a scorpion
  2458 | D:4      | Reached XP level 5. HP: 35/38 MP: 3/9
  2580 | D:4      | Reached skill level 5 in Earth Magic
  2604 | D:4      | Noticed a black bear
  2613 | D:4      | Killed a black bear
  2614 | D:4      | Reached XP level 6. HP: 45/45 MP: 6/11
  2615 | D:4      | Noticed Natasha
  2619 | D:4      | Learned a level 4 spell: Brom's Barrelling Boulder
  2620 | D:4      | Killed Natasha
  2625 | D:4      | Learned a level 3 spell: Passwall
  3013 | D:4      | Found a sparkling altar of Nemelex Xobeh.
  3036 | D:4      | Noticed Natasha
  3039 | D:4      | Killed Natasha
  3082 | D:4      | Noticed Natasha
  3087 | D:4      | Killed Natasha
  3088 | D:4      | Reached skill level 6 in Earth Magic
  3274 | D:5      | Entered Level 5 of the Dungeon
  3289 | D:5      | Reached XP level 7. HP: 46/50 MP: 9/13
  3399 | D:5      | Noticed Edmund
  3534 | D:2      | Killed Terence
  4024 | D:5      | Killed Edmund
  4025 | D:5      | Reached skill level 5 in Spellcasting
  4025 | D:5      | Reached skill level 1 in Conjurations
  4025 | D:5      | Reached skill level 7 in Earth Magic
  4195 | D:5      | Reached XP level 8. HP: 45/57 MP: 12/16
  4369 | D:5      | Noticed a wyvern
  4611 | D:6      | Found a bloodstained altar of Trog.
  4626 | D:6      | Reached skill level 8 in Earth Magic
  4803 | D:6      | Found an ancient bone altar of Kikubaaqudgha.
  4990 | D:6      | Found Vune's Armour Emporium.
  5000 | D:6      | Identified the +2 leather armour of Conscience {*Corrode
                  | rF+ Dex+5}
  5262 | D:6      | Identified the +2 robe of Syndicalism {rC+}
  5469 | D:6      | Reached XP level 9. HP: 62/62 MP: 16/19
  5576 | D:7      | Reached skill level 9 in Earth Magic
  5581 | D:7      | Learned a level 4 spell: Petrify
  5658 | D:7      | You fall into a shaft and drop 1 floor!
  5732 | D:8      | Noticed Maurice
  5812 | D:8      | Noticed a hornet
  5822 | D:8      | Killed a hornet
  6518 | D:7      | Reached skill level 10 in Earth Magic
  6746 | D:7      | Noticed a kobold demonologist
  6750 | D:7      | Reached XP level 10. HP: 66/69 MP: 10/22
  6757 | D:7      | Killed a kobold demonologist
  6883 | D:7      | Reached skill level 11 in Earth Magic
  7107 | D:7      | Killed an unseen horror
  8100 | D:8      | Maurice changed into Maurice the river rat
  8100 | D:8      | Noticed Maurice
  8102 | D:8      | Killed Maurice the river rat
  8754 | D:7      | Reached skill level 12 in Earth Magic
  9362 | D:5      | Found a staircase to the Ecumenical Temple.
  9390 | Temple   | Entered the Ecumenical Temple
  9414 | Temple   | Became a worshipper of Gozag Ym Sagoz the Greedy
  9821 | D:7      | Reached XP level 11. HP: 74/74 MP: 17/24
 10327 | D:9      | Noticed Pikel
 10341 | D:8      | Killed Pikel
 10580 | D:9      | Reached skill level 10 in Spellcasting
 11334 | D:9      | Found a shadowy altar of Dithmenos.
 11335 | D:9      | Found a burning altar of Makhleb.
 11339 | D:9      | Found an iron altar of Okawaru.
 11500 | D:10     | Entered Level 10 of the Dungeon
 11511 | D:10     | Noticed a tengu warrior
 11518 | D:10     | Noticed Psyche
 11523 | D:10     | Killed Psyche
 11650 | D:10     | Reached skill level 5 in Conjurations
 11868 | D:10     | Noticed a boulder beetle
 11882 | D:10     | Killed a boulder beetle
 11883 | D:10     | Reached skill level 13 in Earth Magic
 11971 | D:10     | Noticed a boulder beetle
 12214 | D:10     | Noticed a manticore
 12218 | D:10     | Killed a manticore
 12482 | D:10     | Found the +8 Wrath of Trog {antimagic, *Rage Rampage}
 12486 | D:10     | Identified the +2 rapier of the Muttering Gods {flame,
                  | Will+}
 12498 | D:10     | Identified the +8 arbalest "Killer Klown's Peril" {flame,
                  | rElec Will- Int+3 Dex+5}
 12504 | D:10     | Found the +8 whip "Snakebite" {venom, curare, rPois}
 12581 | D:10     | Noticed an orc knight
 12584 | D:10     | Noticed a manticore
 12585 | D:10     | Noticed an orc knight
 12592 | D:10     | Noticed a boulder beetle
 12613 | D:10     | Noticed a tengu warrior
 13098 | D:10     | Noticed a two-headed ogre
 13106 | D:10     | Killed a two-headed ogre
 13486 | D:10     | Found a hazy altar of Hepliaklqana.
 13616 | D:11     | Noticed Lodul
 13619 | D:11     | Noticed a two-headed ogre
 13625 | D:11     | Killed a two-headed ogre
 13626 | D:11     | Reached XP level 12. HP: 81/81 MP: 9/27
 13826 | D:11     | Noticed a death yak
 13826 | D:11     | Noticed a death yak
 13838 | D:11     | Noticed a death yak
 13839 | D:11     | Killed a death yak
 13840 | D:11     | Reached skill level 1 in Alchemy
 13969 | D:11     | Noticed a death yak
 13969 | D:11     | Noticed a death yak
 14006 | D:11     | Killed a death yak
 14703 | D:11     | Found a transporter.
 14859 | D:10     | Found a staircase to the Orcish Mines.
 14964 | D:10     | Killed a boulder beetle
 14965 | D:10     | Reached skill level 14 in Earth Magic
 15143 | D:10     | Found Zyokhluo's Weapon Shop.
 15143 | D:10     | Found Tinicuos's Distillery.
 15145 | D:10     | Found Qeaqaam's Antique Weapon Shop.
 15151 | D:10     | Bought a potion of haste for 140 gold pieces
 15151 | D:10     | Bought a potion of curing for 42 gold pieces
 15151 | D:10     | Bought a potion of heal wounds for 70 gold pieces
 15151 | D:10     | Bought a potion of haste for 140 gold pieces
 15151 | D:10     | Bought a potion of heal wounds for 70 gold pieces
 15151 | D:10     | Bought a potion of brilliance for 56 gold pieces
 15151 | D:10     | Bought a potion of resistance for 140 gold pieces
 15731 | D:11     | Found a transporter.
 15898 | D:11     | Killed Lodul
 15964 | D:11     | Found a staircase to the Lair.
 16011 | D:11     | Killed a death yak
 16345 | D:11     | Killed a death yak
 16363 | D:11     | Killed a death yak
 16604 | D:11     | Noticed soul19's ghost (journeyman GrEE)
 16671 | D:11     | Noticed a two-headed ogre
 16676 | D:11     | Killed a two-headed ogre
 16933 | Lair:1   | Entered Level 1 of the Lair of Beasts
 17384 | Lair:1   | Reached XP level 13. HP: 38/86 MP: 0/29
 17660 | Lair:1   | Reached skill level 15 in Earth Magic
 19843 | Lair:2   | Found a frozen archway.
 19856 | IceCv    | Entered an ice cave
 20692 | IceCv    | Identified the +5 spear "Nase" {heavy, Int+6}
 22569 | Lair:2   | Reached skill level 16 in Earth Magic
 23779 | Lair:2   | Found a staircase to the Snake Pit.
 23853 | Lair:2   | Reached XP level 14. HP: 74/93 MP: 27/31
 24237 | Lair:3   | Bought the +1 cloak of Starlight {*Dazzle EV+4 Stlth--} for
                  | 732 gold pieces
 24237 | Lair:3   | Found the +1 cloak of Starlight {*Dazzle EV+4 Stlth--}
 24249 | Lair:3   | Bought a glowing helmet for 180 gold pieces
 24275 | Lair:3   | Bought a faintly humming chain mail for 228 gold pieces
 24275 | Lair:3   | Identified the +0 chain mail of Shielding {*Slow rElec rF++
                  | SInv} (You bought it in a shop on level 3 of the Lair of
                  | Beasts)
 25004 | Lair:3   | Found a staircase to the Swamp.
 25129 | Lair:3   | Identified the +4 hand axe "Gram" {freeze, ^Contam *Slow
                  | rN+++ Will+}
 25738 | Lair:3   | Identified the +12 lajatang of the Scavenger {distort, rN+
                  | Dex+3}
 26196 | Orc:1    | Entered Level 1 of the Orcish Mines
 27491 | D:12     | Identified the amulet "Qeav" {Reflect Harm *Slow rElec
                  | Str+3 SH+5}
 28436 | D:13     | Found a gate to the Vaults.
 28832 | D:14     | Reached skill level 17 in Earth Magic
 29044 | D:14     | Found Roblil's Magic Scroll Shop.
 29052 | D:14     | Bought 3 scrolls of identify for 78 gold pieces
 29052 | D:14     | Bought a scroll of noise for 13 gold pieces
 29052 | D:14     | Bought a scroll of vulnerability for 52 gold pieces
 29052 | D:14     | Bought a scroll of revelation for 97 gold pieces
 29052 | D:14     | Bought a scroll of revelation for 97 gold pieces
 29052 | D:14     | Bought a scroll of revelation for 97 gold pieces
 29052 | D:14     | Bought a scroll of poison for 52 gold pieces
 29052 | D:14     | Bought a scroll of poison for 52 gold pieces
 29052 | D:14     | Identified a scroll of acquirement
 29056 | D:14     | Acquired 745 gold pieces
 29069 | D:14     | Shot with an arrow by a centaur warrior

Illustrated notes

Levels and vault maps discovered:
D:1:      heliophobic_arrival_glass_houses, layout_basic
D:2:      layout_basic, basic_altar, hangedman_decor_push, uniq_terence
D:3:      layout_basic, xom_confusion_cloud,
          hellmonk_ecumenical_altar_leap_of_faith
D:4:      layout_rooms, mainiacjoe_overflow_catwalk,
          mainiacjoe_overflow_alcove_4, uniq_natasha
D:5:      layout_gridville, minmay_temple_entry_sparse_star, hellmonk_no_cap,
          uniq_edmund
D:6:      layout_basic, elyvilon_altar_5, lemuel_tele_altar,
          trog_ov_bears_minmay, serial_shops, nicolae_shop_scrapyard
D:7:      nzn_winding_woodlands_cross [nzn_winding_woodlands_5x15_jagged,
          nzn_winding_woodlands_5x15_concentric,
          nzn_winding_woodlands_5x15_crooked,
          nzn_winding_woodlands_5x15_river_crossing,
          nzn_winding_woodlands_15x15_killbox], layout_loops_cross
D:8:      layout_cave_pods, hangedman_abyss_or_decor_passed, uniq_maurice
D:9:      layout_gridville, minitemple, kennysheep_nondescript,
          patterned_corridor, uniq_pikel
D:10:     minmay_the_grid_plus [minmay_the_grid_doors, minmay_the_grid_mess,
          minmay_the_grid_x, minmay_the_grid_fan,
          minmay_the_grid_prize_four_corners_diamond_a], layout_basic,
          mainiacjoe_overflow_six_doors_small, hiddenorc1_lemuel,
          nicolae_shop_distant_corner_stores, minivault_12, uniq_psyche
D:11:     layout_loops_cross, dpeg_lair_monsters,
          gammafunk_ghost_abyssal_escape, uniq_lodul
D:12:     layout_stronghold
D:13:     layout_roguey, david_vaults_2
D:14:     layout_roguey, serial_shops, shop_fountains, minmay_misc_feat_x
Temple:   minmay_temple_forest_path
Lair:1:   regret_index_malice_mire, layout_gridlike, lemuel_fruit_fields
Lair:2:   layout_regular_city, nicolae_snake_entry_warm_welcome,
          portal_ice_cave_rime, grunt_forest_stairs_basic,
          pdpol_lair_neglected_garden
Lair:3:   dragon1_lemuel, layout_regular_city,
          nicolae_swamp_entry_splash_gauntlet, infiniplex_staircase_pool_2,
          lemuel_fruit_fields
Orc:1:    layout_caves, serial_shops, shop, uniq_sonja

Skill      XL: |  1  2  3  4  5  6  7  8  9 10 11 12 13 14 |
---------------+-------------------------------------------+-----
Spellcasting   | 2 3 4 5 6 8 9 11 12 13 14 | 14.1
Earth Magic    | 4 5 6 7 8 10 12 13 14 16 17 | 17.0
Conjurations   | 1 3 5 6 8 9 |  9.3
Alchemy        | 1 |  1.3
Short Blades   | |  0.4
Staves         | |  0.6
Dodging        | |  1.7
Stealth        | |  2.1
Evocations     | |  0.6

Action                     |  1- 3 |  4- 6 |  7- 9 | 10-12 | 13-15 || total
---------------------------+-------+-------+-------+-------+-------++-------
  Melee: Rapier            |     7 |     1 |       |       |       ||     8
         Unarmed           |     1 |       |       |       |       ||     1
         Staff             |       |       |       |    35 |    31 ||    66
         Whip              |       |       |       |       |     3 ||     3
  Throw: Throwing net      |       |       |       |     1 |       ||     1
   Cast: Sandblast         |    44 |    65 |   136 |    51 |    51 ||   347
         Stone Arrow       |       |       |     7 |   358 |   436 ||   801
         Brom's Barrelling |       |       |     8 |    17 |     8 ||    33
         Petrify           |       |       |     1 |     9 |       ||    10
         Passwall          |       |       |       |     5 |     1 ||     6
 Invoke: Potion Petition   |       |       |       |       |     1 ||     1
         Call Merchant     |       |       |       |       |     1 ||     1
  Evoke: Wand              |       |       |       |    32 |    18 ||    50
    Use: Scroll            |       |     2 |     2 |    14 |    11 ||    29
         Potion            |       |       |       |     9 |     1 ||    10
 Armour: Robe              |     5 |    14 |    45 |    59 |       ||   123
         Ring mail         |       |       |       |   185 |    99 ||   284
         Leather armour    |       |       |       |       |   137 ||   137
  Dodge: Dodged            |    10 |    24 |    40 |   128 |   152 ||   354
